AoeStats
← ELPURE

Arabia

506285008Analyzed
1v1 RM · 19d ago on Sep 13, 2026· 27m 10s· 2 players
Game mode
Random Map
Map size
Tiny (2 player)
Population
200
Speed
Normal
Resources
Standard
Victory
Conquest
Starting age
Dark Age
Ending age
Imperial Age
RankedLock teamsTeams togetherTeam positionsShared explorationLock speedFull tech treeHidden civsTurbo modeCheats
Victory
Defeat
🇹🇷 Burgundians · Türkiye
1843
+19
🇺🇸 Maya · United States
1917
-19
KARA___
3:37 Double-Bit Axe
5:07 Loom
9:48 Feudal Age
9:50 Man-at-Arms
16:49 Fletching
16:56 Horse Collar
17:37 Town Watch
18:28 Wheelbarrow
18:39 Padded Archer Armor
19:07 Scale Mail Armor
22:40 Castle Age
22:30 Scale Barding Armor
22:56 Forging
22:44 Gold Mining
23:06 Bow Saw
23:23 Husbandry
24:11 Cavalier
24:40 Light Cavalry
ELPURE
0:26 Loom
11:39 Feudal Age
17:54 Double-Bit Axe
17:50 Horse Collar
20:49 Castle Age
21:00 Double-Bit Axe
20:56 Horse Collar
Connection lost

Rejoining the realm…

Still unreachable

The connection could not be restored.

Session expired

The server has moved on; the page needs a fresh start.